AoeStats
← Yume

Pilgrims

508328249Analyzed
2v2 RM · 10d ago on Sep 22, 2026· 52m 12s· 4 players
Game mode
Random Map
Map size
Medium (4 player)
Population
200
Speed
Normal
Resources
Standard
Victory
Conquest
Starting age
Dark Age
Ending age
Imperial Age
RankedLock teamsTeams togetherTeam positionsShared explorationLock speedFull tech treeHidden civsTurbo modeCheats
Victory
Defeat
🇪🇨 Britons · Ecuador
676
+17
🇪🇸 Persians · Spain
675
+17
🇨🇱 Maya · Chile
743
-19
🇧🇷 Bulgarians · Brazil
639
-15
Gatsu
7:55 Loom
13:39 Feudal Age
18:48 Castle Age
17:29 Double-Bit Axe
17:27 Horse Collar
21:38 Town Watch
22:32 Wheelbarrow
22:21 Bow Saw
22:14 Heavy Plow
23:44 Gold Mining
27:14 Town Patrol
27:31 Hand Cart
29:31 Fervor
31:36 Masonry
31:17 Heated Shot
31:47 Ballistics
33:49 Kamandaran
35:48 Fishing Lines
37:16 Gold Shaft Mining
36:32 Stone Mining
37:05 Husbandry
37:16 Bloodlines
37:17 Thumb Ring
36:32 Crossbowman
37:06 Arson
37:08 Gambesons
37:23 Squires
37:28 Fletching
37:49 Forging
37:39 Padded Archer Armor
37:50 Scale Barding Armor
41:25 Bodkin Arrow
41:49 Leather Archer Armor
42:31 Iron Casting
42:00 Scale Mail Armor
49:48 Caravan
54:24 Imperial Age
51:54 Murder Holes
Yume
14:03 Feudal Age
12:19 Loom
18:21 Double-Bit Axe
20:36 Scale Barding Armor
20:41 Forging
22:45 Castle Age
24:47 Bow Saw
29:22 Wheelbarrow
30:00 Yeomen
33:00 Ballistics
35:49 Horse Collar
37:00 Gold Mining
37:00 Stone Mining
37:06 Fishing Lines
38:14 Iron Casting
37:30 Fletching
41:19 Imperial Age
39:10 Hand Cart
38:37 Treadmill Crane
41:41 Gold Shaft Mining
44:13 Heavy Plow
45:15 Blast Furnace
44:11 Bodkin Arrow
45:49 Pikeman
46:30 Squires
45:58 Light Cavalry
47:56 Chemistry
47:20 Halberdier
49:56 Shipwright
49:52 Clinker Construction
51:46 Two-Man Saw
52:03 Elite Longbowman
alfredo296gomez
6:36 Loom
14:25 Feudal Age
16:33 Double-Bit Axe
16:33 Fishing Lines
17:03 Gold Mining
18:57 Fletching
19:18 Forging
25:10 Castle Age
23:13 Scale Mail Armor
25:07 Stone Mining
26:35 Caravan
29:25 Stone Shaft Mining
29:36 Thumb Ring
28:52 Crossbowman
30:14 Bodkin Arrow
30:55 Iron Casting
31:13 Murder Holes
30:59 Treadmill Crane
31:09 Horse Collar
32:37 Heavy Plow
35:56 Bow Saw
36:37 Pikeman
37:19 Squires
39:12 Chain Mail Armor
40:54 Ballistics
46:02 Imperial Age
45:36 Elite Skirmisher
46:24 Hul'che Javelineers
47:47 Chemistry
46:54 Bracer
46:55 Padded Archer Armor
47:44 Holcans
48:58 Wheelbarrow
48:09 Town Watch
48:02 Eagle Warrior
Icaubi
14:59 Feudal Age
22:54 Castle Age
22:11 Fishing Lines
24:01 Double-Bit Axe
24:38 Gillnets
26:48 Bow Saw
33:07 Squires
37:43 Gold Mining
38:40 Scale Barding Armor
44:06 Stirrups
51:28 Imperial Age
Connection lost

Rejoining the realm…

Still unreachable

The connection could not be restored.

Session expired

The server has moved on; the page needs a fresh start.